 Dungeon Crawl Stone Soup version 0.28.0-1-gb440e238dd (webtiles) character file.

Game seed: 16864773007178092950

67 croobank the Sneak (level 4, 0/33 HPs)
             Began as a Felid Delver on Feb 20, 2022.
             Succumbed to an adder's poison
             ... on level 4 of the Dungeon on Feb 21, 2022.
             The game lasted 00:14:40 (3903 turns).

croobank the Sneak (Felid Delver)                   Turns: 3903, Time: 00:14:40

Health: 0/33       AC: 22    Str:  8    XL:     4   Next: 0%
Magic:  5/5        EV:  4    Int: 14    God:
Gold:   260        SH:  0    Dex: 17    Spells: 0/3 levels left
                                        Lives:  0   Deaths: 1

rFire   . . .      SeeInvis +     - Unarmed
rCold   . . .      Faith    .   (shield unavailable)
rNeg    . . .      Spirit   .   (armour unavailable)
rPois   +          Reflect  .   (helmet unavailable)
rElec   .          Harm     .   (cloak unavailable)
rCorr   .          Rampage  .   (gloves unavailable)
Will    .....      NoTele   +   (boots unavailable)
Stlth   ++++......              f - amulet of magic regeneration
HPRegen 0.11/turn               (no ring)
MPRegen 0.49/turn               (no ring)

@: lethally poisoned (0 -> -7), tree-form, attractive
A: stationary, stasis, torment immunity, boosted hp, very small, (claws 1),
(fangs 3), see invisible, (speed 1), (shaggy fur 1), (stealthy paws), no weapons
or thrown items, no armour, multi-lived
a: no special abilities


You were on level 4 of the Dungeon.
You were a tree.
You visited 1 branch of the dungeon, and saw 5 of its levels.

You collected 260 gold pieces.

Inventory:

Missiles
 h - 155 stones
 k - 4 curare-tipped darts
 l - 27 sling bullets
Jewellery
 f - an amulet of magic regeneration (around neck)
Wands
 e - a wand of digging (3)
Scrolls
 a - a scroll of fog
 c - a scroll of fear
 d - 2 scrolls of teleportation
 i - a scroll of brand weapon {unknown}
Potions
 g - a potion of flight


   Skills:
 + Level 3.7 Fighting
 + Level 4.0 Dodging
 + Level 7.4 Stealth
 + Level 3.0 Unarmed Combat
 + Level 0.3 Spellcasting
 + Level 0.4 Conjurations


You couldn't memorise any spells.
You knew the following spells:

 Your Spells              Type           Power      Damage    Failure   Level
a - Magic Dart            Conj           4%         1d3       24%         1
b - Call Imp              Summ           0%         N/A       41%         2

Your spell library contained the following spells:

 Spells                   Type           Power      Damage    Failure   Level
 Mephitic Cloud           Conj/Pois/Air  0%         N/A       63%         3


Dungeon Overview and Level Annotations

Branches:
Dungeon (5/15)
 Temple: D:4-7

Altars:
Qazlal
Uskayaw
Xom
The Shining One

Annotations:
D:4 2 transporters


Innate Abilities, Weirdness & Mutations

You are a tree.
Your roots penetrate the ground, keeping you stationary.
You cannot be teleported.
You are immune to unholy pain and torment.
Your maximum health is greatly increased.
((You have sharp claws.))
((You have razor-sharp teeth.))
You have supernaturally acute eyesight. (SInv)
((You cover ground quickly. (Speed+)))
((You are covered in fur. (AC +1)))
((Your paws help you pounce on unaware monsters.))
You are incapable of wielding weapons or throwing items.
You cannot wear armour.
You gain extra lives every three experience levels.


Message History

The bullfrog hits you.
* * * LOW HITPOINT WARNING * * *
A worm comes into view.
There is a stone staircase leading up here.
The bullfrog hits you.
* * * LOW HITPOINT WARNING * * *
The orc misses you. The bullfrog hits you!
You stop ascending the stairs.
You die...
You are now level 4!
You rejoin the land of the living...
Saving game... please wait.
Level annotation: 2 transporters Welcome back, croobank the Felid Delver.
Press ? for a list of commands and other information.
An adder comes into view.
Found a flail.
The adder hisses angrily.
The adder bites you.
You are poisoned.
The adder poisons you!
You barely miss the adder.
You feel sick. The adder bites you.
You are more poisoned.
The adder poisons you!
You closely miss the adder.
You feel sick. The adder bites you.
You scratch the adder but do no damage. Your bite misses the adder.
You feel sick. The adder bites you but does no damage.
* * * LOW HITPOINT WARNING * * *
You feel sick.
* * * LOW HITPOINT WARNING * * *
You feel sick.
It was a potion of attraction.
You feel attractive to monsters.
* * * LOW HITPOINT WARNING * * *
You feel sick. The adder closely misses you. The adder bites you.
* * * LOW HITPOINT WARNING * * *
You are more poisoned.
The adder poisons you!
It was a potion of lignification.
You turn into a tree.
Your roots penetrate the ground.
You die...

......... .........
...)..... #........ ##+##
#........ #...# #........
#...# #.....# #...###.#
#....♣S.# #.####
#....######..... #
#............## +.
#........#...... #..
#..)#.##.#.#.### ..
##'##.##.#.#.########
..##.##.##.##)#.<........##
...........................
...#+##.##.##.#..........#


You could see an adder.

Vanquished Creatures
  An orc wizard (D:3)
  Terence (D:3)
  3 adders (D:3)
  2 worms
  5 orcs (D:3)
  5 endoplasms
  2 giant cockroaches
  2 goblins
  A hobgoblin (D:2)
  8 kobolds
  3 quokkas
  4 ball pythons
  4 bats
  A frilled lizard (D:3)
  9 rats
51 creatures vanquished.

Vanquished Creatures (others)
  3 fungi (D:4)
  3 toadstools (D:4)
6 creatures vanquished.

Grand Total: 57 creatures vanquished

Notes
Turn   | Place    | Note
-------+----------+-------------------------------------------
     0 | D:5      | croobank the Felid Delver began the quest for the Orb.
     0 | D:5      | Reached XP level 1. HP: 10/10 MP: 2/2
    69 | D:5      | Noticed a centaur
    78 | D:4      | Noticed a phantom
   580 | D:1      | Reached XP level 2. HP: 12/14 MP: 3/3
  1891 | D:3      | Reached XP level 3. HP: 17/17 MP: 4/4
  2102 | D:3      | Found a shimmering altar of Xom.
  2107 | D:3      | Reached skill level 7 in Stealth
  2792 | D:3      | Reached XP level 4. HP: 21/21 MP: 5/5
  3098 | D:3      | Learned a level 1 spell: Magic Dart
  3138 | D:3      | Noticed Terence
  3139 | D:3      | Noticed a necrophage
  3145 | D:3      | Killed Terence
  3567 | D:3      | Learned a level 2 spell: Call Imp
  3740 | D:4      | Reached XP level 5. HP: 22/25 MP: 6/6
  3767 | D:4      | Found a transporter.
  3798 | D:4      | Found a transporter.
  3810 | D:4      | Found a hide-covered altar of Uskayaw.
  3811 | D:4      | Found a glowing golden altar of the Shining One.
  3861 | D:4      | Found a stormy altar of Qazlal.
  3893 | D:4      | Slain by a bullfrog
  3894 | D:4      | Reached XP level 4. HP: -1/22 MP: 5/5
  3902 | D:4      | HP: 1/22 [adder (3)]
  3903 | D:4      | Succumbed to an adder's poison

Illustrated notes

Levels and vault maps discovered:
D:1:      minmay_arrival_stone_box, layout_basic, minivault_14
D:2:      layout_loops_ring, minmay_split_cup_small
D:3:      layout_rooms, xom_butterflies, gup_sewer_entry_bubbles,
          minmay_ruptured, uniq_terence
D:4:      gammafunk_steamed_eel, layout_basic,
          chequers_temple_overflow_statue_of_worship, minmay_gold_behind_fungi
D:5:      layout_gridville, slow_altar_2, nicolae_yredelemnul_corpse_copse,
          nicolae_wormholes

Skill      XL: |  1  2  3  4 |
---------------+-------------+-----
Dodging        | 3 4 |  4.0
Stealth        | 7 |  7.4
Unarmed Combat | 3 |  3.0
Fighting       | |  3.7
Spellcasting   | |  0.3
Conjurations   | |  0.4

Action                   |  1- 3 |  4- 6 || total
-------------------------+-------+-------++-------
Melee: Unarmed           |   118 |    63 ||   181
       Bite              |     6 |     3 ||     9
       Punch             |     3 |     4 ||     7
 Cast: Magic Dart        |       |     3 ||     3
  Use: Scroll            |     6 |     1 ||     7
       Potion            |     3 |     3 ||     6
 Stab: Sleeping          |    11 |     1 ||    12
Armor: Skin              |     5 |     2 ||     7
Dodge: Dodged            |    70 |    59 ||   129
